TOP OF THE 1ST |
Pawtucket Paw Sox batting - Pitching for Manchester Fisher Cats : RHP Scott Roberts
|
Pitching: RHP Scott Roberts
|
|
Batting: LHB Jeff Stone
|
0-0: Ball 1-0: Fly out, F6 (Flyball, 56D, EV 73.8 MPH)
|
Batting: RHB Shooty Babitt
|
0-0: Called Strike 0-1: Foul Ball, location: 2F 0-2: Foul Ball, location: 2F 0-2: Ball 1-2: Foul Ball, location: 2F 1-2: Foul Ball, location: 2F 1-2: Ball 2-2: Ground out 5-3 (Groundball, 56, EV 95.0 MPH)
|
Batting: LHB Dave Haberle
|
0-0: Ball 1-0: Called Strike 1-1: Foul Ball, location: 2F 1-2: Ball 2-2: Foul Ball, location: 2F 2-2: Foul Ball, location: 2F 2-2: Strikes out looking
|
Top of the 1st over - 0 runs, 0 hits, 0 errors, 0 left on base; Pawtucket 0 - Manchester 0 |
BOTTOM OF THE 1ST |
Manchester Fisher Cats batting - Pitching for Pawtucket Paw Sox : RHP Billy Taylor
|
Pitching: RHP Billy Taylor
|
|
Batting: LHB Carlos Cabassa
|
0-0: Ball 1-0: Foul Ball, location: 2F 1-1: Ball 2-1: Ball 3-1: Foul Ball, location: 2F 3-2: Base on Balls
|
Batting: LHB Tim Derryberry
|
0-0: Ball 1-0: 2-RUN HOME RUN (Flyball, 89XD, EV 107.5 MPH), Distance : 432 ft
|
Batting: SHB Stan Javier
|
0-0: Foul Ball, location: 2F 0-1: Foul Ball, location: 2F 0-2: Ball 1-2: Foul Ball, location: 2F 1-2: Ball 2-2: Foul Ball, location: 2F 2-2: Ball 3-2: Base on Balls
|
Batting: LHB Jessie Reid
|
0-0: Foul Ball, location: 2F 0-1: Foul Ball, location: 2F 0-2: Ball 1-2: Foul Ball, location: 2F 1-2: Ball 2-2: Fly out, F7 (Flyball, 78D, EV 89.4 MPH)
|
Batting: LHB Herbert Orensky
|
0-0: Called Strike 0-1: Ball 1-1: Ball 2-1: Ball 3-1: Foul Ball, location: 2F 3-2: Fly out, F4 (Popup, 4, EV 65.6 MPH)
|
Batting: SHB Danny Hernandez
|
0-0: Foul Ball, location: 2F 0-1: Ball 1-1: Ball Wild Pitch! Stan Javier to second 2-1: Foul Ball, location: 2F 2-2: Fly out, F3 (Line Drive, 3, EV 62.5 MPH)
|
Bottom of the 1st over - 2 runs, 1 hit, 0 errors, 1 left on base; Pawtucket 0 - Manchester 2 |
TOP OF THE 2ND |
Pawtucket Paw Sox batting - Pitching for Manchester Fisher Cats : RHP Scott Roberts
|
Batting: SHB Orestes Destrade
|
0-0: Called Strike 0-1: Ball 1-1: Ball 2-1: Ball 3-1: Base on Balls
|
Batting: RHB Brick Smith
|
0-0: Called Strike 0-1: Ball 1-1: Fly out, F6 (Popup, P, EV 75.0 MPH)
|
Batting: LHB Steven Garcia
|
0-0: Ball Wild Pitch! Orestes Destrade to second 1-0: Called Strike 1-1: Fly out, F7 (Flyball, 7LD, EV 105.6 MPH)
|
Batting: LHB Steven Blackman
|
0-0: Swinging Strike 0-1: Called Strike 0-2: Ball 1-2: Strikes out swinging
|
Top of the 2nd over - 0 runs, 0 hits, 0 errors, 1 left on base; Pawtucket 0 - Manchester 2 |
BOTTOM OF THE 2ND |
Manchester Fisher Cats batting - Pitching for Pawtucket Paw Sox : RHP Billy Taylor
|
Batting: RHB Tony Stevens
|
0-0: Swinging Strike 0-1: Ball 1-1: Called Strike 1-2: Foul Ball, location: 2F 1-2: Fly out, F8 (Line Drive, 8RM, EV 98.1 MPH)
|
Batting: RHB Randy Johnson
|
0-0: Ball 1-0: Ball 2-0: Foul Ball, location: 2F 2-1: Swinging Strike 2-2: Ball 3-2: Base on Balls
|
Batting: RHB Reymundo Estevez
|
0-0: Called Strike 0-1: Ball 1-1: Ball 2-1: Foul Ball, location: 2F 2-2: Fly out, F4 (Popup, 34, EV 56.3 MPH)
|
Batting: LHB Carlos Cabassa
|
0-0: Ball 1-0: DOUBLE (Flyball, 89XD, EV 104.4 MPH) Randy Johnson to third Runner from 3rd tries for Home, SAFE, throw by RF to trailing runner, SAFE at third!
|
Batting: LHB Tim Derryberry
|
0-0: Ball 1-0: Ball 2-0: Called Strike 2-1: Ball 3-1: Called Strike 3-2: Foul Ball, location: 2F 3-2: Foul Ball, location: 2F 3-2: Foul Ball, location: 2F 3-2: Strikes out swinging
|
Bottom of the 2nd over - 1 run, 1 hit, 0 errors, 1 left on base; Pawtucket 0 - Manchester 3 |
TOP OF THE 3RD |
Pawtucket Paw Sox batting - Pitching for Manchester Fisher Cats : RHP Scott Roberts
|
Batting: RHB Joseph Baciotti
|
0-0: Foul Ball, location: 2F 0-1: Foul Ball, location: 2F 0-2: Strikes out looking
|
Batting: RHB Lenny Faedo
|
0-0: Fly out, F9 (Flyball, 9S, EV 89.4 MPH)
|
Batting: LHB Jeff Stone
|
0-0: Ball 1-0: SINGLE (Groundball, 4MD, EV 103.1 MPH)
|
Batting: RHB Shooty Babitt
|
0-0: Ball 1-0: Fly out, F6 (Line Drive, 6, EV 63.8 MPH)
|
Top of the 3rd over - 0 runs, 1 hit, 0 errors, 1 left on base; Pawtucket 0 - Manchester 3 |
BOTTOM OF THE 3RD |
Manchester Fisher Cats batting - Pitching for Pawtucket Paw Sox : RHP Billy Taylor
|
Batting: SHB Stan Javier
|
0-0: Called Strike 0-1: Ball 1-1: Swinging Strike 1-2: Ball 2-2: Strikes out looking
|
Batting: LHB Jessie Reid
|
0-0: Foul Ball, location: 2F 0-1: Ball 1-1: Ball 2-1: Ball 3-1: Base on Balls
|
Batting: LHB Herbert Orensky
|
0-0: Ball 1-0: Foul Ball, location: 2F 1-1: Ball 2-1: Ball Jessie Reid is caught stealing 2nd base 2-6 3-1: Foul Ball, location: 2F 3-2: Foul Ball, location: 2F 3-2: Base on Balls
|
Batting: SHB Danny Hernandez
|
0-0: Ball 1-0: Ball 2-0: Ball 3-0: Base on Balls Herbert Orensky to second
|
Batting: RHB Tony Stevens
|
0-0: Swinging Strike 0-1: Ball 1-1: Ball 2-1: Foul Ball, location: 2F 2-2: Ball 3-2: Ground out 1-3 (Groundball, 13, EV 68.1 MPH)
|
Bottom of the 3rd over - 0 runs, 0 hits, 0 errors, 2 left on base; Pawtucket 0 - Manchester 3 |
TOP OF THE 4TH |
Pawtucket Paw Sox batting - Pitching for Manchester Fisher Cats : RHP Scott Roberts
|
Batting: LHB Dave Haberle
|
0-0: Foul Ball, location: 2F 0-1: Fly out, F8 (Flyball, 8LS, EV 86.9 MPH)
|
Batting: SHB Orestes Destrade
|
0-0: Ball 1-0: Called Strike 1-1: Ball 2-1: Ball 3-1: Foul Ball, location: 2F 3-2: Foul Ball, location: 2F 3-2: Base on Balls
|
Batting: RHB Brick Smith
|
0-0: Foul Ball, location: 2F 0-1: Fielders Choice at 2nd, 6-4 (Groundball, 6, EV 90.0 MPH)
|
Batting: LHB Steven Garcia
|
0-0: Ball 1-0: Single, Error in OF, E8, batter to second base (Line Drive, 8LS, EV 100.0 MPH) Brick Smith to third
|
Batting: LHB Steven Blackman
|
0-0: Foul Ball, location: 2F 0-1: Ball 1-1: Ball 2-1: Ball 3-1: SINGLE (Groundball, 6M, EV 98.8 MPH) Brick Smith scores Steven Garcia to third Runner from 3rd tries for Home, throw by CF and OUT! 8-2
|
Top of the 4th over - 1 run, 2 hits, 1 error, 1 left on base; Pawtucket 1 - Manchester 3 |
BOTTOM OF THE 4TH |
Manchester Fisher Cats batting - Pitching for Pawtucket Paw Sox : RHP Billy Taylor
|
Batting: RHB Randy Johnson
|
0-0: Ball 1-0: Called Strike 1-1: Ball 2-1: Foul Ball, location: 2F 2-2: SINGLE (Groundball, 25, EV 66.9 MPH) (infield hit)
|
Batting: RHB Reymundo Estevez
|
0-0: Ball 1-0: Foul Ball, location: 2F 1-1: Ball 2-1: Grounds into double play, 4-6-3 (Groundball, 4, EV 77.5 MPH)
|
Batting: LHB Carlos Cabassa
|
0-0: Called Strike 0-1: Ball 1-1: Foul Ball, location: 2F 1-2: Ball 2-2: Strikes out swinging
|
Bottom of the 4th over - 0 runs, 1 hit, 0 errors, 0 left on base; Pawtucket 1 - Manchester 3 |
TOP OF THE 5TH |
Pawtucket Paw Sox batting - Pitching for Manchester Fisher Cats : RHP Scott Roberts
|
Now in CF: Paul Croft
|
|
Batting: RHB Joseph Baciotti
|
0-0: SINGLE (Groundball, 56D, EV 93.8 MPH)
|
Batting: RHB Lenny Faedo
|
0-0: Sac Bunt to 15S - play at second, runner OUT! 1-6
|
Batting: LHB Jeff Stone
|
0-0: Ball 1-0: Ball 2-0: SINGLE (Groundball, 34S, EV 70.6 MPH) (infield hit) Lenny Faedo to second
|
Batting: RHB Shooty Babitt
|
0-0: Ball 1-0: Swinging Strike 1-1: Swinging Strike 1-2: Ball 2-2: Fielders Choice at 2nd, 3-6 (Groundball, 3, EV 86.3 MPH) Lenny Faedo to third
|
Batting: LHB Dave Haberle
|
0-0: Called Strike Shooty Babitt steals 2nd base (no throw) 0-1: Ball 1-1: Foul Ball, location: 2F 1-2: Ball 2-2: Ground out U3 (Groundball, 3, EV 80.6 MPH)
|
Top of the 5th over - 0 runs, 2 hits, 0 errors, 2 left on base; Pawtucket 1 - Manchester 3 |
BOTTOM OF THE 5TH |
Manchester Fisher Cats batting - Pitching for Pawtucket Paw Sox : RHP Billy Taylor
|
Batting: RHB Paul Croft
|
0-0: Swinging Strike 0-1: Ball 1-1: Swinging Strike 1-2: Foul Ball, location: 2F 1-2: Foul Ball, location: 2F 1-2: Foul Ball, location: 2F 1-2: Strikes out swinging
|
Batting: SHB Stan Javier
|
0-0: Called Strike 0-1: Ball 1-1: Ball 2-1: Foul Ball, location: 2F 2-2: Foul Ball, location: 2F 2-2: Foul Ball, location: 2F 2-2: Foul Ball, location: 2F 2-2: Foul Ball, location: 2F 2-2: Fly out, F9 (Flyball, 9LM, EV 87.5 MPH)
|
Batting: LHB Jessie Reid
|
0-0: Ball 1-0: Ball 2-0: Ball 3-0: Called Strike 3-1: Called Strike 3-2: Fly out, F8 (Flyball, 89M, EV 83.1 MPH)
|
Bottom of the 5th over - 0 runs, 0 hits, 0 errors, 0 left on base; Pawtucket 1 - Manchester 3 |
TOP OF THE 6TH |
Pawtucket Paw Sox batting - Pitching for Manchester Fisher Cats : RHP Scott Roberts
|
Batting: SHB Orestes Destrade
|
0-0: Called Strike 0-1: Ball 1-1: Ball 2-1: Ball 3-1: Called Strike 3-2: Foul Ball, location: 2F 3-2: Ground out U3 (Groundball, 3L, EV 86.9 MPH)
|
Batting: RHB Brick Smith
|
0-0: Called Strike 0-1: Ball 1-1: Ball 2-1: Ball 3-1: Called Strike 3-2: Foul Ball, location: 2F 3-2: Base on Balls
|
Batting: LHB Steven Garcia
|
0-0: Ball 1-0: Ball 2-0: Foul Ball, location: 2F 2-1: Called Strike Brick Smith is caught stealing 2nd base 2-6 2-2: Ground out 4-3 (Groundball, 4, EV 81.9 MPH)
|
Top of the 6th over - 0 runs, 0 hits, 0 errors, 0 left on base; Pawtucket 1 - Manchester 3 |
BOTTOM OF THE 6TH |
Manchester Fisher Cats batting - Pitching for Pawtucket Paw Sox : RHP Billy Taylor
|
Pitching: RHP Sam Bryan
|
|
Batting: LHB Herbert Orensky
|
0-0: Ball 1-0: Ball 2-0: Ball 3-0: Called Strike 3-1: Foul Ball, location: 2F 3-2: Base on Balls
|
Batting: SHB Danny Hernandez
|
0-0: Called Strike 0-1: Sac Bunt to 3S - play at first, batter OUT! 3-1 Herbert Orensky to second
|
Batting: RHB Tony Stevens
|
0-0: Ball 1-0: Ball 2-0: Ball 3-0: Called Strike 3-1: Base on Balls
|
Batting: RHB Randy Johnson
|
0-0: Ball 1-0: Called Strike 1-1: Called Strike 1-2: Foul Ball, location: 2F 1-2: SINGLE (Groundball, 56D, EV 105.0 MPH) Herbert Orensky to third Tony Stevens to second Runner from 3rd tries for Home, SAFE, throw by LF to home
|
Batting: RHB Reymundo Estevez
|
0-0: Ball 1-0: Ball 2-0: Foul Ball, location: 2F 2-1: Foul Ball, location: 2F 2-2: Foul Ball, location: 2F 2-2: Foul Ball, location: 2F 2-2: Ball 3-2: Fly out, F9 (Flyball, 89M, EV 91.9 MPH)
|
Batting: LHB Carlos Cabassa
|
0-0: Ball 1-0: Ball 2-0: Ball 3-0: Base on Balls Tony Stevens to third Randy Johnson to second
|
Batting: RHB Paul Croft
|
0-0: Fly out, F9 (Flyball, 9LM, EV 101.3 MPH)
|
Bottom of the 6th over - 1 run, 1 hit, 0 errors, 3 left on base; Pawtucket 1 - Manchester 4 |
TOP OF THE 7TH |
Pawtucket Paw Sox batting - Pitching for Manchester Fisher Cats : RHP Scott Roberts
|
Batting: LHB Steven Blackman
|
0-0: Ball 1-0: DOUBLE (Flyball, 78D, EV 95.0 MPH)
|
Batting: RHB Joseph Baciotti
|
0-0: Ball 1-0: Called Strike 1-1: Called Strike 1-2: Ground out 5-3 (Groundball, 56, EV 90.6 MPH)
|
Batting: RHB Lenny Faedo
|
0-0: Swinging Strike 0-1: Foul Ball, location: 2F 0-2: Ball 1-2: Ball 2-2: Foul Ball, location: 2F 2-2: Ball 3-2: Base on Balls
|
Batting: LHB Jeff Stone
|
0-0: Ball 1-0: Fly out, F7 (Line Drive, 7, EV 89.4 MPH)
|
Batting: RHB Shooty Babitt
|
0-0: Ball 1-0: Called Strike 1-1: Ground out 4-3 (Groundball, 4, EV 93.1 MPH)
|
Top of the 7th over - 0 runs, 1 hit, 0 errors, 2 left on base; Pawtucket 1 - Manchester 4 |
BOTTOM OF THE 7TH |
Manchester Fisher Cats batting - Pitching for Pawtucket Paw Sox : RHP Sam Bryan
|
Batting: SHB Stan Javier
|
0-0: Foul Ball, location: 2F 0-1: Ball 1-1: Ball 2-1: Swinging Strike 2-2: Fly out, F9 (Flyball, 9S, EV 90.6 MPH)
|
Batting: LHB Jessie Reid
|
0-0: Foul Ball, location: 2F 0-1: Ball 1-1: Foul Ball, location: 2F 1-2: Fly out, F6 (Popup, 6, EV 57.5 MPH)
|
Batting: LHB Herbert Orensky
|
0-0: Called Strike 0-1: DOUBLE (Line Drive, 3D, EV 108.1 MPH)
|
Pitching: RHP Chris Lein
|
|
Batting: SHB Danny Hernandez
|
0-0: Swinging Strike 0-1: Foul Ball, location: 2F 0-2: Ball 1-2: Foul Ball, location: 2F 1-2: Ball 2-2: Foul Ball, location: 2F 2-2: Fly out, F7 (Flyball, 7D, EV 102.5 MPH)
|
Bottom of the 7th over - 0 runs, 1 hit, 0 errors, 1 left on base; Pawtucket 1 - Manchester 4 |
TOP OF THE 8TH |
Pawtucket Paw Sox batting - Pitching for Manchester Fisher Cats : RHP Scott Roberts
|
Now at C: Buddy Pryor
|
|
Now in LF: Mike Ciampa
|
|
Now in RF: Mel Hall
|
|
Batting: LHB Dave Haberle
|
0-0: Ball 1-0: Ball 2-0: Called Strike 2-1: Ball 3-1: Reached on error, E4 (Groundball, 4, EV 85.6 MPH)
|
Batting: SHB Orestes Destrade
|
0-0: Ball 1-0: Foul Ball, location: 2F 1-1: Called Strike 1-2: Strikes out looking
|
Batting: RHB Brick Smith
|
0-0: Ball 1-0: Swinging Strike 1-1: Ball 2-1: Ball 3-1: Swinging Strike 3-2: Strikes out looking
|
Pitching: RHP Stephen Marsden
|
|
Batting: LHB Steven Garcia
|
0-0: Ball 1-0: Swinging Strike 1-1: Ball 2-1: SINGLE (Flyball, 78S, EV 83.8 MPH) Dave Haberle to third Runner from 3rd tries for Home, SAFE, throw by LF to home
|
Batting: LHB Steven Blackman
|
0-0: Called Strike 0-1: Ball 1-1: Ball 2-1: Foul Ball, location: 2F 2-2: Ball 3-2: Fly out, F8 (Line Drive, 8LD, EV 96.9 MPH)
|
Top of the 8th over - 1 run, 1 hit, 1 error, 1 left on base; Pawtucket 2 - Manchester 4 |
BOTTOM OF THE 8TH |
Manchester Fisher Cats batting - Pitching for Pawtucket Paw Sox : RHP Chris Lein
|
Batting: RHB Tony Stevens
|
0-0: Ball 1-0: Swinging Strike 1-1: Ground out 4-3 (Groundball, 4MD, EV 107.5 MPH)
|
Batting: RHB Randy Johnson
|
0-0: Ground out U3 (Groundball, 34, EV 104.4 MPH)
|
Batting: RHB Reymundo Estevez
|
0-0: Called Strike 0-1: Swinging Strike 0-2: DOUBLE (Line Drive, 3D, EV 96.3 MPH)
|
Batting: LHB Carlos Cabassa
|
0-0: Ball 1-0: Called Strike Reymundo Estevez is caught stealing 3rd base 2-5
|
Bottom of the 8th over - 0 runs, 1 hit, 0 errors, 0 left on base; Pawtucket 2 - Manchester 4 |
TOP OF THE 9TH |
Pawtucket Paw Sox batting - Pitching for Manchester Fisher Cats : RHP Stephen Marsden
|
Pitching: RHP Chris Davis
|
|
Now at 1B: Joe Citari
|
|
Batting: RHB Joseph Baciotti
|
0-0: Foul Ball, location: 2F 0-1: Ball 1-1: Called Strike 1-2: Foul Ball, location: 2F 1-2: Strikes out swinging
|
Batting: RHB Lenny Faedo
|
0-0: Ball 1-0: Fly out, F9 (Flyball, 9D, EV 94.4 MPH)
|
Batting: LHB Jeff Stone
|
0-0: Fly out, F7 (Flyball, 7, EV 92.5 MPH)
|
Top of the 9th over - 0 runs, 0 hits, 0 errors, 0 left on base; Pawtucket 2 - Manchester 4 |
|